 Dungeon Crawl Stone Soup version 0.17-a0-910-ga669010 (webtiles) character file.

3443 hornqvist the Cleaver (level 10, -4/70 HPs)
             Began as a Formicid Fighter on May 2, 2015.
             Was an Initiate of Gozag.
             Slain by Erolcha
             ... wielding a +0 giant club
              (24 damage)
             ... on level 8 of the Dungeon.
             The game lasted 00:11:02 (9191 turns).

hornqvist the Cleaver (Formicid Fighter)            Turns: 9191, Time: 00:11:02

Health: -4/70      AC: 20    Str: 32    XL:     10   Next: 26%
Magic:  19/19      EV: 12    Int:  9    God:    Gozag
Gold:   198        SH: 12    Dex:  8    Spells: 0 memorised, 9 levels left

rFire  . . .     SeeInvis +     C - +0 battleaxe
rCold  + . .     Clarity  .     f - +4 scale mail {rC+}
rNeg   + . .     SustAb   .     c - +0 shield
rPois  +         Gourm    .     (helmet unavailable)
rElec  .         Spirit   .     g - +0 cloak {rPois}
rCorr  .         Warding  .     y - +0 pair of gloves
rMut   .         Stasis   +     l - +0 pair of boots {run}
MR     +....                    (no amulet)
Stlth  ..........               u - ring of the Hippo {-Tele rN+ MP+9 Str+11}
                                q - +6 ring of protection

@: lethally poisoned (-4 -> -8), quick, somewhat resistant to hostile
enchantments, extremely unstealthy
A: permanent stasis, dig shafts and tunnels, four strong arms, antennae 3,
clumsy 1, slow healing 1, weak 1
a: Dig, Shaft Self, Potion Petition, Call Merchant, Bribe Branch, Renounce
Religion


You were on level 8 of the Dungeon.
You worshipped Gozag.
Gozag was noncommittal.
You were not hungry.

You visited 1 branch of the dungeon, and saw 8 of its levels.

You collected 2018 gold pieces.
You spent 260 gold pieces at shops.
You paid 1560 gold pieces to Gozag.

Inventory:

Hand weapons
 a - a +1 war axe
 C - a +0 battleaxe (weapon)
Armour
 c - a +0 shield (worn)
 f - a +4 scale mail of cold resistance (worn)
 g - a +0 cloak of poison resistance (worn)
 l - a +0 pair of boots of running (worn)
 y - a +0 pair of gloves (worn)
Jewellery
 b - an uncursed ring of invisibility
 p - an uncursed ring of protection from magic
 q - a +6 ring of protection (left hand)
 u - the ring of the Hippo (right hand) {-Tele rN+ MP+9 Str+11}
   (You found it on level 6 of the Dungeon)

   [ring of positive energy]

   It affects your strength (+11).
   It protects you from negative energy.
   It affects your magic capacity (+9).
   It prevents most forms of teleportation.
 v - an uncursed ring of magical power {unknown}
Magical devices
 s - a wand of flame (21)
 B - a wand of random effects (29)
 D - a wand of slowing (25)
Scrolls
 h - 6 scrolls of identify
 i - a scroll of amnesia
 j - a scroll of immolation
 k - 4 scrolls of remove curse
 w - a scroll of recharging
Potions
 d - a potion of might
 m - a potion of resistance
 n - 3 potions of agility
 o - a potion of curing
 r - 2 potions of brilliance
 z - a potion of flight
 A - a potion of heal wounds
Books
 E - a book of Envenomations

   Spells                             Type                      Level
   a - Spider Form                    Transmutation/Poison         3
   b - Alistair's Intoxication        Transmutation/Poison         4
   c - Olgreb's Toxic Radiance        Poison                       4
   d - Poisonous Cloud                Conjuration/Poison/Air       6
Comestibles
 e - 7 bread rations
 t - 9 fruits
 x - 2 meat rations
 F - a slice of pizza


   Skills:
 - Level 3.2 Fighting
 * Level 10.1 Axes
 - Level 3.2 Armour
 + Level 6.3 Dodging
 + Level 8.9 Shields


You had 9 spell levels left.
You didn't know any spells.

Dungeon Overview and Level Annotations

Branches:
Dungeon (8/15)             Temple (0/1) D:4            Lair (0/8) D:8

Altars:
Ashenzari
Gozag
Okawaru
Xom
The Shining One

Shops:
D:5 [   D:9 (

Annotations:
D:5 Prince Ribbit
D:8 Erolcha


Innate Abilities, Weirdness & Mutations

You are under a permanent stasis effect.
You can dig through walls and to a lower floor.
Your four strong arms can wield two-handed weapons with a shield.
You have a pair of large antennae on your head (SInv).
You are clumsy. (Dex -2)
You heal slowly when monsters are visible.
You are weak. (Str -2)


Message History

The worker ant is distracted by the nearby gold.
The worker ant twitches its antennae in your direction.
You slice the worker ant!!
You kill the worker ant!
You closely miss the hound. You hit Erolcha but do no damage.
You block the hound's attack. x2
Erolcha hits you with a giant club!
* * * LOW HITPOINT WARNING * * *
You barely miss Erolcha. You closely miss the hound.
You feel sick. You block the hound's attack. The hound barely misses you.
Erolcha misses you.
Unknown command.
Unknown command.
You take 10 damage, and have 24/70 hp.
Unknown command.
You slash Erolcha! You hit the hound.
You feel sick. The hound bites you.
* * * LOW HITPOINT WARNING * * *
The hound is distracted by the nearby gold.
Erolcha hits you with a giant club!!
You die...
Your body crumbles into a pile of gold.

...# #... # #.#.
#.#... ..... # ...
.# # #h#####.#.#
####.#$@O........
.........$........
..?..###........#
.##### #.####...#
..# #.# .. #.# #.#
.[... #####.# #.#
............#.###.#
P......P.♣#.#.....#


You could see Erolcha and a hound (unaware).

Vanquished Creatures
  A hippogriff (D:7)
  2 porcupines (D:8)
  2 centaurs
  A phantom (D:7)
  3 crocodiles (D:8)
  2 big kobolds (D:3)
  Blork the orc (D:5)
  A giant frog (D:6)
  A wyvern skeleton (D:6)
  10 killer bees
  3 wights (D:7)
  A centaur zombie (D:7)
  A crimson imp (D:6)
  A quasit (D:8)
  2 giant frog zombies
  3 hounds
  A giant frog skeleton (D:6)
  8 orc wizards
  4 orc priests
  3 jellies
  A centaur skeleton (D:6)
  3 iguanas
  A gnoll shaman (D:4)
  5 sheep (D:8)
  7 worker ants
  A killer bee zombie (D:7)
  20 gnolls
  4 river rats (D:8)
  10 adders
  2 shadow imps
  2 oozes (D:6)
  2 adder skeletons
  3 worms
  3 giant geckos
  32 orcs
  12 bats
  2 bat skeletons (D:6)
  4 giant cockroaches
  30 hobgoblins
  7 quokkas
  4 giant newts
  52 goblins
  7 jackals
  19 kobolds
  16 rats
300 creatures vanquished.

Vanquished Creatures (others)
  5 sheep (D:5)
  A hobgoblin (D:3)
6 creatures vanquished.

Grand Total: 306 creatures vanquished

Notes
Turn   | Place    | Note
--------------------------------------------------------------
     0 | D:1      | hornqvist, the Formicid Fighter, began the quest for the Orb.
     0 | D:1      | Reached XP level 1. HP: 18/18 MP: 1/1
   103 | D:1      | Reached XP level 2. HP: 16/24 MP: 2/2
   509 | D:1      | Reached XP level 3. HP: 27/29 MP: 3/3
   789 | D:2      | Found a shattered altar of Ashenzari.
   851 | D:2      | Reached skill level 4 in Shields
   864 | D:2      | Reached skill level 1 in Dodging
   864 | D:2      | Reached XP level 4. HP: 26/35 MP: 4/4
  1732 | D:3      | Found an opulent altar of Gozag.
  1767 | D:3      | Became a worshipper of Gozag Ym Sagoz the Greedy
  1770 | D:3      | Found a glowing golden altar of the Shining One.
  1774 | D:3      | Found an iron altar of Okawaru.
  1891 | D:3      | Reached XP level 5. HP: 15/41 MP: 5/5
  2562 | D:3      | Reached XP level 6. HP: 45/47 MP: 6/6
  2629 | D:3      | Noticed a big kobold
  2629 | D:3      | Noticed a big kobold
  2655 | D:3      | Killed a big kobold
  2655 | D:3      | Reached skill level 5 in Axes
  2668 | D:3      | Killed a big kobold
  2668 | D:3      | Reached skill level 5 in Shields
  2668 | D:3      | Reached XP level 7. HP: 33/52 MP: 7/7
  3543 | D:4      | Found a staircase to the Ecumenical Temple.
  3690 | D:4      | Reached skill level 6 in Axes
  3809 | D:4      | Reached XP level 8. HP: 37/58 MP: 8/8
  4667 | D:4      | Gained mutation: You are clumsy. (Dex -2) [potion of mutation]
  4667 | D:4      | Gained mutation: You are weak. (Str -2) [potion of mutation]
  4667 | D:4      | Gained mutation: You heal slowly when monsters are visible. [potion of mutation]
  4677 | D:5      | Entered Level 5 of the Dungeon
  4683 | D:5      | Found Etteg's Antique Armour Shop.
  4691 | D:5      | Bought a shiny scale mail for 80 gold pieces
  4691 | D:5      | Bought an embroidered cloak for 90 gold pieces
  4691 | D:5      | Bought a pair of runed boots for 90 gold pieces
  4696 | D:5      | Identified a +0 pair of boots of running (You bought it in a shop on level 5 of the Dungeon)
  4883 | D:5      | Noticed Blork the orc
  4900 | D:5      | Killed Blork the orc
  4974 | D:5      | Noticed Prince Ribbit
  5427 | D:5      | Reached skill level 7 in Axes
  5572 | D:5      | Found a shimmering altar of Xom.
  6562 | D:6      | Got a warped tin ring
  6703 | D:6      | Reached XP level 9. HP: 61/64 MP: 9/9
  6995 | D:6      | Reached skill level 8 in Axes
  7000 | D:6      | Reached skill level 5 in Dodging
  7060 | D:6      | Found a runed door.
  7700 | D:7      | Reached skill level 9 in Axes
  8430 | D:7      | Identified the ring of the Hippo {-Tele rN+ MP+9 Str+11} (You found it on level 6 of the Dungeon)
  8743 | D:8      | Reached XP level 10. HP: 30/70 MP: 10/10
  8884 | D:8      | Found a staircase to the Lair.
  9152 | D:8      | Reached skill level 10 in Axes
  9153 | D:8      | Noticed Erolcha
  9191 | D:8      | Slain by Erolcha

Action                   |  1- 3 |  4- 6 |  7- 9 | 10-12 || total
-------------------------+-------+-------+-------+-------++-------
Melee: War axe           |    86 |   243 |   579 |       ||   908
       Battleaxe         |       |       |    75 |    92 ||   167
Invok: Call Merchant     |       |       |     1 |     1 ||     2
 Abil: Dig               |       |     1 |       |       ||     1
  Use: Potion            |       |       |    12 |       ||    12
       Scroll            |       |       |    10 |       ||    10
 Stab: Distracted        |     1 |     2 |     2 |     3 ||     8
       Sleeping          |       |     1 |     6 |       ||     7
  Eat: Chunk             |       |     4 |       |       ||     4
       Meat ration       |       |     1 |       |       ||     1
       Royal jelly       |       |       |     1 |       ||     1
       Beef jerky        |       |       |     5 |       ||     5
       Pizza             |       |       |     1 |       ||     1
       Fruit             |       |       |    11 |       ||    11
